 Dungeon Crawl Stone Soup version 0.29.1-12-g30fa7ad0bf (webtiles) character file.

Game seed: 5042204663038150811

24 FexLirch the Grasshopper (level 3, -1/29 HPs)
             Began as a Meteoran Warper on Jan 3, 2023.
             Slain by an orc
             ... wielding a +0 flail
              (7 damage)
             ... on level 2 of the Dungeon.
             The game lasted 00:03:13 (669 turns).

FexLirch the Grasshopper (Meteoran Warper)           Turns: 669, Time: 00:03:14

Health: -1/29      AC:  3    Str: 12    XL:     3   Next: 32%
Magic:  5/8        EV: 12    Int: 17    God:
Gold:   24         SH:  0    Dex: 13    Spells: 2/7 levels left

rFire   . . .      SeeInvis .   a - +0 mace
rCold   + . .      Faith    .   (no shield)
rNeg    . . .      Spirit   .   b - +0 leather armour
rPois   .          Reflect  .   (no helmet)
rElec   .          Harm     .   (no cloak)
rCorr   .          Rampage  .   (no gloves)
Will    .....                   (no boots)
Stlth   +.........              (no amulet)
HPRegen 0.09/turn               i - ring of protection from cold
MPRegen 0.11/turn               (no ring)

@: glowing
A: sense surroundings 1, otherworldly, glowing, explore regen
a: no special abilities


You were on level 2 of the Dungeon.
You visited 1 branch of the dungeon, and saw 3 of its levels.

You collected 24 gold pieces.

Inventory:

Hand Weapons
 a - a +0 mace (weapon)
Missiles
 d - 7 boomerangs of dispersal (quivered)
 g - 5 poisoned darts
Armour
 b - a +0 leather armour (worn)
 f - a +0 chain mail
Jewellery
 i - a ring of protection from cold (left hand)
Scrolls
 c - a scroll of blinking
 h - 2 scrolls of teleportation {unknown}
 j - a scroll of enchant weapon {unknown}
Potions
 e - 2 potions of curing {unknown}


   Skills:
 - Level 2.2 Fighting
 * Level 4.0 Maces & Flails
 - Level 1.2 Throwing
 - Level 1.2 Armour
 - Level 2.4 Dodging
 - Level 2.6 Spellcasting
 + Level 4.1 Translocations


You had 2 spell levels left.
You knew the following spells:

 Your Spells              Type           Power      Damage    Failure   Level
a - Blink                 Tloc           32%        N/A       6%          2
b - Teleport Other        Tloc           16%        N/A       13%         3

Your spell library contained the following spells:

 Spells                   Type           Power      Damage    Failure   Level
 Gell's Gravitas          Tloc           16%        N/A       13%         3
 Lesser Beckoning         Tloc           16%        N/A       13%         3
 Manifold Assault         Tloc           16%        N/A       75%         5


Dungeon Overview and Level Annotations

Branches:
Dungeon (3/15) Zot: 1116

Altars:


Innate Abilities, Weirdness & Mutations

You passively map a small area around you.
You are easily found by Zot.
You glow in the dark.
You regain HP and MP as you explore.


Message History

Aim: an orc wizard, wielding a +0 dagger and wearing a +0 robe (chance to affect: 55%)
The orc wizard looks slightly unstable.
The orc wizard hits you with a +0 dagger.
You climb upwards.
There is a stone staircase leading down here.
You hit the orc wizard.
The orc wizard is lightly wounded.
The orc wizard disappears!
You climb downwards.
The orc wizard hits you with a +0 dagger.
The orc hits you with a +0 whip. The orc closely misses you.
The orc hits you but does no damage.
There is a stone staircase leading up here.
The orc wizard hits you but does no damage.
The orc hits you with a +0 whip. The orc hits you with a +0 flail. x2
You climb upwards.
There is a stone staircase leading down here.
You hit the orc.
The orc is moderately wounded.
The orc hits you with a +0 flail!
* * * LOW HITPOINT WARNING * * *
The orc hits you with a +0 flail.
* * * LOW HITPOINT WARNING * * *
The orc misses you.
The orc wizard mumbles some strange words.
The orc wizard flickers and vanishes!
Deactivating autopickup; reactivate with Ctrl-A.
Casting: Teleport Other (quite dangerous; 13% risk of failure)
Confirm with . or Enter, or press ? or * to list all spells.
You blink.
Unknown command.
You feel stable enough to blink again.
Casting: Blink (safe; 6% risk of failure)
Confirm with . or Enter, or press ? or * to list all spells.
Aiming: Teleport Other (quite dangerous; 13% risk of failure)
Press: ? - help, Shift-Dir - straight line, f - orc wizard
Aim: an orc wizard, wielding a +0 dagger and wearing a +0 robe (chance to affect: 55%)
The orc wizard looks slightly unstable.
The orc hits you with a +0 flail!
You die...

##.##.# #.#.# #.#
##.##.# #.#.# #.#
...<..###.#o# #.#
.....#....#.# #.#
.....#.####.# #o#
######.# #.# #.#
.......####.# #.#
...........>########o#
##.########...o.@o.#.#
,.., ####[######.#.##
* #,#..............# *
#.##.######.####
#.#<......... *
#.##.######..
#.##.######..# #
#.##.........#
#.#.##.#######.#


You could see an orc wizard (teleporting) and an orc.

Vanquished Creatures
  An adder (D:2)
  A dart slug (D:1)
  An endoplasm (D:1)
  A goblin (D:2)
  A jackal (D:1)
  2 quokkas
  2 ball pythons
  3 bats (D:1)
  A frilled lizard (D:1)
13 creatures vanquished.

Notes
Turn   | Place    | Note
-------+----------+-------------------------------------------
     0 | D:1      | FexLirch the Meteoran Warper began the quest for the Orb.
     0 | D:1      | Reached XP level 1. HP: 17/17 MP: 5/5
   178 | D:1      | Reached XP level 2. HP: 10/24 MP: 6/6
   309 | D:2      | Learned a level 2 spell: Blink
   581 | D:2      | Reached XP level 3. HP: 25/29 MP: 8/8
   585 | D:2      | Learned a level 3 spell: Teleport Other
   669 | D:2      | Slain by an orc

Illustrated notes

Levels and vault maps discovered:
D:1:      saegor_arrival_simple_e, layout_loops_ring,
          chequers_serial_rivers_small_b
D:2:      layout_basic, mrwooster_statue_mirror
D:3:      layout_basic, chequers_ecumenical_altar_island,
          hangedman_abyss_or_decor_stabs, grunt_ministairs_14,
          minmay_misc_feat_plants, uniq_terence

Skill      XL: |  1  2 |
---------------+-------+-----
Maces & Flails | 3 4 |  4.0
Translocations | 4 |  4.1
Fighting       | |  2.2
Throwing       | |  1.2
Armour         | |  1.2
Dodging        | |  2.4
Spellcasting   | |  2.6

Action                   || total
-------------------------++-------
Melee: Mace              ||    49
       Punch             ||     2
 Cast: Teleport Other    ||     2
       Blink             ||     1
Armor: Leather armour    ||    21
Dodge: Dodged            ||    28
